 Dungeon Crawl Stone Soup version 0.28-a0-643-g84cb2ea78e (webtiles) character file.

Game seed: 12796302481568906852

2528 jasper the Destroyer (level 9, -6/57 HPs)
             Began as a Demonspawn Conjurer on Oct 10, 2021.
             Killed from afar by Psyche (28 damage)
             ... with a bolt of acid
             ... on level 8 of the Dungeon.
             The game lasted 00:12:26 (8612 turns).

jasper the Destroyer (Demonspawn Conjurer)          Turns: 8612, Time: 00:12:26

Health: -6/57      AC:  5    Str:  8    XL:     9   Next: 29%
Magic:  3/14       EV: 12    Int: 22    God:
Gold:   1355       SH:  0    Dex: 12    Spells: 2/14 levels left

rFire   . . .      SeeInvis .   j - +1 dagger (venom)
rCold   + . .      Faith    .   (no shield)
rNeg    . . .      Spirit   .   a - +0 robe
rPois   .          Reflect  .   q - +0 helmet
rElec   .          Harm     .   (no cloak)
rCorr   .          Rampage  .   (no gloves)
Will    .....                   (no boots)
Stlth   ++........              (no amulet)
HPRegen 0.19/turn               o - ring of protection from cold
MPRegen 0.28/turn               (no ring)

@: no status effects
A: icy blue scales 1, foul stench 2, magic regeneration, demonic touch 1
a: no special abilities


You were on level 8 of the Dungeon.
You visited 1 branch of the dungeon, and saw 8 of its levels.

You collected 1355 gold pieces.

Inventory:

Hand Weapons
 g - a +1 dagger
 j - a +1 dagger of venom (weapon)
 l - the +10 trident of the Freezing Oracle {antimagic, rElec rN+}
   (You found it on level 5 of the Dungeon)

   It reduces the magical energy of the wielder, and disrupts the spells and
   magical abilities of those it strikes.
   Natural abilities and divine invocations are not affected.
   rElec:     It insulates you from electricity.
   rN:        It protects you from negative energy.
Missiles
 b - 169 stones
 k - 19 poisoned darts
Armour
 a - a +0 robe (worn)
 q - a +0 helmet (worn)
Jewellery
 o - a ring of protection from cold (left hand)
 r - a +6 ring of intelligence
Wands
 m - a wand of iceblast (9)
 p - a wand of acid (8)
Scrolls
 e - a scroll of amnesia
 i - a scroll of vulnerability
Potions
 c - a potion of flight
 f - a potion of mutation
 h - 2 potions of attraction {unknown}
 n - a potion of brilliance {unknown}
 s - a potion of heal wounds {unknown}


   Skills:
 - Level 1.7 Dodging
 - Level 1.7 Stealth
 - Level 3.3 Spellcasting
 - Level 11.0 Conjurations
 + Level 4.1 Hexes
 + Level 4.5 Fire Magic


You had 2 spell levels left.
You knew the following spells:

 Your Spells              Type           Power      Damage    Failure   Level
a - Magic Dart            Conj           100%       1d8       1%          1
b - Searing Ray           Conj           100%       2d8       1%          2
c - Fulminant Prism       Conj/Hex       18%        3d11      5%          4
d - Animate Skeleton      Necr           6%         N/A       12%         1
e - Flame Wave            Conj/Fire      38%        3d8       4%          4

Your spell library contained the following spells:

 Spells                   Type           Power      Damage    Failure   Level
 Foxfire                  Conj/Fire      100%       2x1d9     1%          1
 Pain                     Necr           12%        1d4       12%         1
 Conjure Flame            Conj/Fire      38%        6-21      1%          3
 Dazzling Flash           Conj/Hex       72%        N/A       1%          3
 Inner Flame              Hex/Fire       22%        N/A       6%          3
 Iskenderun's Mystic Bla  Conj/Tloc      27%        2d7       12%         4
 Gell's Gravitas          Tloc           1%         N/A       34%         3
 Lesser Beckoning         Tloc           3%         N/A       34%         3
 Teleport Other           Tloc           3%         N/A       34%         3
 Vampiric Draining        Necr           1%         2d6       34%         3


Dungeon Overview and Level Annotations

Branches:
Dungeon (8/15)
 Temple: D:4-7         Lair: D:8-11

Altars:
Ashenzari
Fedhas
Trog
Wu Jian
Xom
Yredelemnul

Annotations:
D:3 3 runed translucent doors, AlleluiaPinecone's ghost, amateur VSBr; AttackTheMoon's ghost, amateur HOMo; omnomnOMINOUS's ghost, weakling OpWn
D:5 exclusion: hornet
D:7 2 transporters, Prince Ribbit; zxkuqyb's ghost, novice DEFE
D:8 Grum; Maurice; Psyche


Innate Abilities, Weirdness & Mutations

You are partially covered in icy blue scales. (AC +2)
You sometimes emit foul miasma when damaged in melee.
You regenerate magic rapidly.
Your touch may inflict minor irresistible damage on your foes.


Message History

Psyche casts a spell.
A swirling arc of seething chaos appears!
The arc of chaos hits Maurice!
Maurice is drained!
The arc of chaos hits you.
Maurice mumbles some strange words.
Maurice flickers and vanishes!
Deactivating autopickup; reactivate with Ctrl-A.
The orc wizard gestures wildly while chanting.
The orc wizard flickers and vanishes!
You take 3 damage, and have 50/57 hp.
You now have 10/14 mp.
A wave of flame ripples out!
The flame wave engulfs something!
Psyche gestures at you while chanting. You resist with some effort.
You hear a zap.
Your mind is blasted!
Ouch! That really hurt!
You take 29 damage, and have 21/57 hp.
MASSIVE DAMAGE!!
You now have 9/14 mp.
A wave of flame ripples out!
The flame wave engulfs something.
The flame wave engulfs the orc!
You kill the orc!
The flame wave engulfs something!
You finish channelling waves of flame.
Okay, then.
Casting: Flame Wave (dangerous; 4% risk of failure)
Confirm with . or Enter, or press ? or * to list all spells.
Casting: Flame Wave (dangerous; 4% risk of failure)
Press: ? - help, Dir - look around, f - activate A wave of flame ripples out!
The flame wave engulfs something! x2
Reactivating autopickup.
You feel a bit more experienced. (Press . to intensify the flame waves.)
Something drops a +0 dagger.
Something picks up a +0 short sword.
You now have 5/14 mp.
A wave of flame ripples out!
The flame wave engulfs something!
The flame wave engulfs Psyche!
Psyche is moderately wounded.
You now have 4/14 mp.
A wave of flame ripples out!
The flame wave engulfs Psyche!
Psyche is heavily wounded.
The flame wave engulfs something!
You finish channelling waves of flame.
Psyche zaps a wand.
The bolt of acid hits you!!
You die...

##. .......... #..#
.....#... #..#
...#.....
#.............
##....#......(.
##.....#)........
...[...)))......#
........@......##
.....###@#.......
...ยง.....###...##
#......##.........#
.@... ##........#
.....## ##........
......$####.......#
....@.......##.....
###....(.<..# ...##


You could see Psyche.

Vanquished Creatures
  4 water moccasins
  3 orc warriors
  A sky beast (D:7)
  A necrophage (D:4)
  2 centaurs
  2 wolves (D:8)
  A phantom (D:4)
  A bullfrog (D:7)
  A scorpion (D:6)
  A wyvern zombie (D:8)
  5 wights (D:7)
  3 howler monkeys (D:8)
  2 bullfrog skeletons
  A gnoll shaman (D:7)
  2 hounds
  A jelly (D:6)
  3 orc priests
  A centaur skeleton (D:7)
  An iguana (D:4)
  4 orc wizards
  A killer bee zombie (D:6)
  A hound skeleton (D:5)
  2 howler monkey zombies (D:6)
  6 gnolls
  9 adders
  A howler monkey skeleton (D:7)
  2 white imps
  3 ufetubi
  2 dart slugs
  A worm (D:2)
  21 orcs
  4 endoplasms
  3 giant cockroaches
  9 goblins
  10 hobgoblins
  3 kobolds
  2 quokkas
  8 ball pythons
  3 bats
  5 frilled lizards
  3 rats (D:3)
139 creatures vanquished.

Vanquished Creatures (others)
  An ogre (D:4)
  A howler monkey (D:4)
  A gnoll (D:4)
  An adder (D:4)
  An orc (D:4)
  A giant cockroach (D:4)
  2 goblins (D:4)
  A hobgoblin (D:4)
  A kobold (D:4)
  2 fulminant prisms
  4 withered plants (D:3)
16 creatures vanquished.

Grand Total: 155 creatures vanquished

Notes
Turn   | Place    | Note
-------+----------+-------------------------------------------
     0 | D:1      | jasper the Demonspawn Conjurer began the quest for the Orb.
     0 | D:1      | Reached XP level 1. HP: 13/13 MP: 3/3
   388 | D:1      | Gained mutation: You are partially covered in icy blue
                  | scales. (AC +2) [demonic ancestry]
   388 | D:1      | Reached XP level 2. HP: 9/19 MP: 0/5
  1341 | D:1      | Learned a level 2 spell: Searing Ray
  1421 | D:2      | Reached skill level 5 in Conjurations
  1512 | D:2      | Reached XP level 3. HP: 24/24 MP: 2/6
  1605 | D:2      | Found a faded altar of an unknown god.
  1902 | D:2      | Gained mutation: You regenerate magic rapidly. [demonic
                  | ancestry]
  1902 | D:2      | Reached XP level 4. HP: 22/30 MP: 2/7
  1907 | D:2      | Learned a level 4 spell: Fulminant Prism
  2224 | D:2      | Reached skill level 6 in Conjurations
  2533 | D:3      | Gained mutation: Your touch may inflict minor irresistible
                  | damage on your foes. [demonic ancestry]
  2533 | D:3      | Reached XP level 5. HP: 35/35 MP: 3/8
  2750 | D:3      | You fall into a shaft and drop 1 floor!
  2927 | D:3      | Found a runed translucent gate.
  2928 | D:3      | Found a runed translucent gate.
  2928 | D:3      | Found a runed translucent gate.
  2929 | D:3      | Noticed AlleluiaPinecone's ghost (amateur VSBr)
  2929 | D:3      | Noticed omnomnOMINOUS's ghost (weakling OpWn)
  2929 | D:3      | Noticed AttackTheMoon's ghost (amateur HOMo)
  3024 | D:3      | Found an ornate altar of the Wu Jian Council.
  3452 | D:4      | Learned a level 1 spell: Animate Skeleton
  3524 | D:4      | Noticed a necrophage
  3528 | D:4      | Killed a necrophage
  3529 | D:4      | Reached skill level 7 in Conjurations
  3529 | D:4      | Reached XP level 6. HP: 41/41 MP: 3/9
  3845 | D:4      | Found a blossoming altar of Fedhas.
  3923 | D:4      | Reached skill level 8 in Conjurations
  3993 | D:4      | Noticed a water moccasin
  4001 | D:4      | Found a shimmering altar of Xom.
  4043 | D:4      | Killed a water moccasin
  4044 | D:4      | Reached XP level 7. HP: 46/46 MP: 6/10
  4146 | D:4      | Identified a scroll of acquirement
  4146 | D:4      | Acquired 1098 gold pieces
  4461 | D:5      | Entered Level 5 of the Dungeon
  4526 | D:5      | Identified the +10 trident of the Freezing Oracle
                  | {antimagic, rElec rN+}
  4529 | D:5      | Noticed a hornet
  4692 | D:6      | Reached skill level 9 in Conjurations
  5543 | D:6      | Reached skill level 10 in Conjurations
  5582 | D:6      | Found a broken altar of Ashenzari.
  5590 | D:6      | Gained mutation: You may rarely emit foul miasma when
                  | damaged in melee. [demonic ancestry]
  5590 | D:6      | Reached XP level 8. HP: 52/52 MP: 7/11
  6207 | D:7      | Reached skill level 11 in Conjurations
  6642 | D:7      | Learned a level 4 spell: Flame Wave
  6692 | D:7      | Reached skill level 1 in Fire Magic
  6824 | D:7      | Found a transporter.
  6871 | D:7      | Noticed a two-headed ogre
  6872 | D:7      | Noticed a moth of wrath
  6872 | D:7      | Noticed zxkuqyb's ghost (novice DEFE)
  6876 | D:7      | Found a bloodstained altar of Trog.
  6901 | D:7      | Found a transporter.
  7094 | D:7      | Reached skill level 1 in Hexes
  7247 | D:7      | Found a basalt altar of Yredelemnul.
  7580 | D:8      | Noticed Prince Ribbit
  7766 | D:8      | Gained mutation: You sometimes emit foul miasma when
                  | damaged in melee. [demonic ancestry]
  7766 | D:8      | Reached XP level 9. HP: 25/57 MP: 5/14
  8267 | D:8      | Noticed Grum
  8272 | D:7      | HP: 2/57 [poisoned by a water moccasin]
  8537 | D:8      | Noticed Maurice
  8599 | D:8      | Noticed Psyche
  8612 | D:8      | Killed from afar by Psyche

Illustrated notes

Levels and vault maps discovered:
D:1:      heliophobic_arrival_glass_houses, layout_loops_corners
D:2:      layout_basic, chequers_ecumenical_altar_island, minmay_3d_cube
D:3:      layout_loops_ring, mainiacjoe_overflow_catwalk,
          gammafunk_ghost_cemetery
D:4:      layout_loops_ring, mainiacjoe_overflow_six_doors_small,
          xom_confusion_cloud, chequers_serial_rivers_marsh,
          kennysheep_generic_room_9
D:5:      layout_basic, mainiacjoe_overflow_paths, nicolae_gozag_seed_capital,
          minmay_temple_entry_slanted, st_stairs_14, minivault_27,
          kennysheep_boxes
D:6:      layout_basic, nicolae_overflow_crystal_walls
D:7:      layout_cave_pods, mainiacjoe_overflow_brackets,
          gammafunk_ghost_wrathful_warriors, kennysheep_generic_room_10
D:8:      layout_cave_pools, uniq_grum, uniq_prince_ribbit1, uniq_maurice,
          uniq_psyche

Skill      XL: |  1  2  3  4  5  6  7  8  9 |
---------------+----------------------------+-----
Conjurations   | 5 6 7 8 10 11 | 11.0
Spellcasting   | 3 |  3.3
Fire Magic     | 3 4 |  4.5
Hexes          | 2 4 |  4.1
Dodging        | |  1.7
Stealth        | |  1.7

Action                   |  1- 3 |  4- 6 |  7- 9 || total
-------------------------+-------+-------+-------++-------
Melee: Unarmed           |     5 |       |       ||     5
       Dagger            |       |       |    10 ||    10
       Touch             |       |       |     1 ||     1
 Cast: Magic Dart        |    47 |    49 |    52 ||   148
       Searing Ray       |     5 |    22 |    32 ||    59
       Flame Wave        |       |       |     9 ||     9
       Fulminant Prism   |       |       |     2 ||     2
Evoke: Wand              |       |       |     2 ||     2
  Use: Scroll            |     1 |     4 |     6 ||    11
       Potion            |       |       |     3 ||     3
Armor: Robe              |     4 |     5 |    20 ||    29
Dodge: Dodged            |     5 |     3 |    74 ||    82

Table legend: (Time is in decaauts)
 A = Elapsed time spent in this place.
 B = Non-inter-level travel time spent in this place.
 C = Inter-level travel time spent in this place.
 D = Time resting spent in this place.
 E = Time spent auto-exploring this place.
 F = Levels seen in this place.
 G = Mean time per level.
                   A        B        C        D        E       F      G
               +--------+--------+--------+--------+--------+-----+--------+
         Total |   8625 |   8396 |    229 |   1708 |   5831 |   8 | 1078.1 |
       Dungeon |   8625 |   8396 |    229 |   1708 |   5831 |   8 | 1078.1 |
               +--------+--------+--------+--------+--------+-----+--------+

Top non-repeatable levels by time:
     D:7: 2690 daAuts
     D:1: 1340 daAuts
     D:6: 1302 daAuts
     D:2: 1091 daAuts
     D:4: 1084 daAuts
     D:3: 952 daAuts
     D:5: 102 daAuts
     D:8: 61 daAuts
